 Dungeon Crawl Stone Soup version 0.20.1-1-g8b1a95d (webtiles) character file.

231 slep the Slasher (level 5, 0/46 HPs)
             Began as a Minotaur Gladiator on Nov 1, 2017.
             Slain by HelpMeObiWan's ghost (1 damage)
             ... on level 4 of the Dungeon.
             The game lasted 00:09:46 (1585 turns).

slep the Slasher (Minotaur Gladiator)               Turns: 1585, Time: 00:09:48

Health: 0/46       AC:  3    Str: 19    XL:     5   Next: 73%
Magic:  4/4        EV: 13    Int:  8    God:
Gold:   144        SH:  0    Dex: 12    Spells: 4/4 levels left

rFire    . . .     SeeInvis .   a - +0 long sword
rCold    . . .     Gourm    .   (no shield)
rNeg     . . .     Faith    .   b - +0 leather armour
rPois    .         Spirit   .   c - +0 hat
rElec    .         Reflect  .   (no cloak)
rCorr    .         Harm     .   (no gloves)
MR       .....                  (no boots)
Stlth    +.........             (no amulet)
Regen    0.2/turn               p - +3 ring of intelligence
MPRegen  0.1/turn               (no ring)

@: lethally poisoned (0 -> -4)
A: retaliatory headbutt, horns 2
a: no special abilities


You were on level 4 of the Dungeon.
You were not hungry.

You visited 1 branch of the dungeon, and saw 4 of its levels.

You collected 144 gold pieces.

Inventory:

Hand Weapons
 a - a +0 long sword (weapon)
 n - a +1 dagger of freezing
Missiles
 d - 3 throwing nets (quivered)
 s - 21 sling bullets
 w - a tomahawk
Armour
 b - a +0 leather armour (worn)
 c - a +0 hat (worn)
Jewellery
 o - an uncursed ring of ice
 p - a +3 ring of intelligence (left hand)
Scrolls
 e - 2 scrolls of amnesia {unknown}
 g - 2 scrolls of identify {unknown}
 h - 4 scrolls of teleportation {unknown}
 i - 2 scrolls of remove curse {unknown}
 r - a scroll of enchant weapon {unknown}
 v - a scroll of immolation {unknown}
Potions
 j - 3 potions of brilliance {unknown}
 k - a potion of might {unknown}
 l - 3 potions of flight {unknown}
 t - 2 potions of haste {unknown}
 u - a potion of ambrosia {unknown}
Comestibles
 f - 5 bread rations
 m - a meat ration
 q - 4 chunks of flesh


   Skills:
 + Level 3.9 Fighting
 + Level 5.5 Long Blades
 + Level 2.2 Throwing
 + Level 2.5 Armour
 + Level 4.1 Dodging
 + Level 0.6 Stealth


You had 4 spell levels left.
You didn't know any spells.

Dungeon Overview and Level Annotations

Branches:
Dungeon (4/15)
 Temple: D:4-7

Altars:

Annotations:
D:4 HelpMeObiWan's ghost, amateur SpAs


Innate Abilities, Weirdness & Mutations

You reflexively headbutt those who attack you in melee.
You have a pair of horns on your head.


Message History

You feel sick. HelpMeObiWan's ghost barely misses you.
You miss HelpMeObiWan's ghost.
Your headbutt misses HelpMeObiWan's ghost.
HelpMeObiWan's ghost is almost destroyed.
* * * LOW HITPOINT WARNING * * *
You feel sick.
HelpMeObiWan's ghost hits you but does no damage.
You barely miss HelpMeObiWan's ghost.
HelpMeObiWan's ghost is almost destroyed.
HelpMeObiWan's ghost lets out a mournful wail.
HelpMeObiWan's ghost hits you.
* * * LOW HITPOINT WARNING * * *
You miss HelpMeObiWan's ghost.
Your headbutt misses HelpMeObiWan's ghost.
HelpMeObiWan's ghost is almost destroyed.
* * * LOW HITPOINT WARNING * * *
You feel sick.
For a moment, HelpMeObiWan's ghost blends into the shadows.
HelpMeObiWan's ghost hits you.
You die...

##...........##
#.............#
#............>.
#...........>..
...............
.............?.
......)W†......
.......@).....#
#.....(.).....#
..#...........#
##.........##
####......#
####....# ##..#
#.#


You could see HelpMeObiWan's ghost.

Vanquished Creatures
  A centaur (D:3)
  An orc priest (D:4)
  3 adders (D:2)
  2 oozes (D:1)
  4 worms
  3 dart slugs
  2 leopard geckos (D:2)
  4 orcs
  6 bats
  2 giant cockroaches
  13 goblins
  4 hobgoblins
  5 jackals
  3 frilled lizards
  10 kobolds
  5 rats
68 creatures vanquished.

Notes
Turn   | Place    | Note
-------+----------+-------------------------------------------
     0 | D:1      | slep the Minotaur Gladiator began the quest for the Orb.
     0 | D:1      | Reached XP level 1. HP: 18/18 MP: 0/0
    78 | D:1      | Reached XP level 2. HP: 5/25 MP: 1/1
   142 | D:1      | Reached skill level 4 in Long Blades
   435 | D:1      | Reached XP level 3. HP: 14/30 MP: 2/2
   614 | D:2      | Reached skill level 1 in Armour
   623 | D:2      | Reached XP level 4. HP: 11/38 MP: 3/3
  1215 | D:3      | Noticed a centaur
  1230 | D:3      | Killed a centaur
  1230 | D:3      | Reached skill level 5 in Long Blades
  1230 | D:3      | Reached XP level 5. HP: 18/45 MP: 4/4
  1567 | D:4      | Noticed HelpMeObiWan's ghost (amateur SpAs)
  1584 | D:4      | HP: 2/46 [HelpMeObiWan's ghost (2)]
  1585 | D:4      | Slain by HelpMeObiWan's ghost

Skill      XL: |  1  2  3  4 |
---------------+-------------+-----
Long Blades    | 4 5 |  5.5
Fighting       | 3 |  3.9
Armour         | 1 2 |  2.5
Dodging        | 4 |  4.1
Throwing       | |  2.2
Stealth        | |  0.6

Action                   |  1- 3 |  4- 6 || total
-------------------------+-------+-------++-------
Melee: Long sword        |    60 |    57 ||   117
       Headbutt          |    14 |    13 ||    27
  Eat: Chunk             |       |     2 ||     2
Armor: Leather armour    |    10 |    10 ||    20
Dodge: Dodged            |    45 |    54 ||    99
       Rpst.: Long sword |    16 |    13 ||    29
